 Dungeon Crawl Stone Soup version 0.21.0-24-g2553a3340b (console) character file.

30 Harunobu the Ducker (level 3, 0/36 HPs)
             Began as a Troll Fighter on Jan 20, 2018.
             Succumbed to Crazy Yiuf's poison
             ... on level 2 of the Dungeon.
             The game lasted 00:03:00 (1947 turns).

Harunobu the Ducker (Troll Fighter)                 Turns: 1947, Time: 00:03:00

Health: 0/36       AC:  5    Str: 24    XL:     3   Next: 3%
Magic:  0/2        EV:  8    Int:  4    God:
Gold:   84         SH:  8    Dex: 10    Spells: 2/2 levels left

rFire    . . .     SeeInvis .   a - +0 flail
rCold    . . .     Gourm    +   c - +0 shield
rNeg     . . .     Faith    .   b - +0 robe
rPois    .         Spirit   +   p - +0 hat
rElec    .         Reflect  .   (no cloak)
rCorr    .         Harm     .   (gloves unavailable)
MR       .....                  (boots unavailable)
Stlth    +.........             q - amulet of guardian spirit
HPRegen  0.52/turn              (no ring)
MPRegen  0.08/turn              (no ring)

@: lethally poisoned (0 -> -8), hasted, very quick
A: large, unfitting armour, claws 3, fast metabolism 3, gourmand, regeneration
1, shaggy fur 1, tough skin 2
a: no special abilities


You were on level 2 of the Dungeon.
You were not hungry.

You visited 1 branch of the dungeon, and saw 2 of its levels.

You collected 84 gold pieces.

Inventory:

Hand Weapons
 a - a +0 flail (weapon)
Armour
 b - a +0 robe (worn)
 c - a +0 shield (worn)
 p - a +0 hat (worn)
Jewellery
 q - an amulet of guardian spirit (around neck)
Scrolls
 e - 2 scrolls of magic mapping {unknown}
 h - a scroll of remove curse {unknown}
 i - 2 scrolls of identify {unknown}
 k - 3 scrolls of teleportation {unknown}
Potions
 d - 3 potions of might
 g - 2 potions of flight {unknown}
 j - a potion of mutation {unknown}
 l - a potion of magic {unknown}
 m - a potion of lignification {unknown}
 n - a potion of curing {unknown}
 o - a potion of resistance {unknown}
Comestibles
 f - 4 rations


   Skills:
 + Level 2.7 Fighting
 + Level 2.1 Maces & Flails
 + Level 2.8 Dodging
 + Level 2.6 Shields


You had 2 spell levels left.
You didn't know any spells.

Dungeon Overview and Level Annotations

Branches:
Dungeon (2/15)

Altars:
Vehumet

Annotations:
D:2 Crazy Yiuf


Innate Abilities, Weirdness & Mutations

You are too large for most types of armour.
You have claws for hands.
Your metabolism is lightning-fast.
You like to eat raw meat.
Your natural rate of healing is unusually fast.
You are covered in fur. (AC +1)
You have very tough skin. (AC +2)


Message History

Found a mace.
There is an open door here.
You barely miss Crazy Yiuf.
Crazy Yiuf cries, "Adder poople seventy!"
Crazy Yiuf hits you with a quarterstaff of chaos!
You feel yourself speed up.
You hit Crazy Yiuf.
Crazy Yiuf is lightly wounded.
Crazy Yiuf says, "Shower!
Dawk forty-two dark."
Crazy Yiuf hits you with a quarterstaff of chaos!
You barely miss Crazy Yiuf.
Crazy Yiuf is lightly wounded.
Crazy Yiuf hits you with a quarterstaff of chaos!
* * * LOW HITPOINT WARNING * * *
You are lethally poisoned!
* * * LOW HITPOINT WARNING * * *
You feel sick.
* * * LOW HITPOINT WARNING * * *
You feel sick.
You die...

##### #..)#
#...# #...#
###########
#g#
#..........
##.#
#..........
#.##
##########.
##@# ##
#.## ##.##
#...##
#....#
#....#
#....#
##...#
##.###.#


You could see Crazy Yiuf.

Vanquished Creatures
  A worm (D:2)
  6 bats
  5 goblins
  A hobgoblin (D:2)
  A ball python (D:2)
  6 frilled lizards
  4 kobolds
  6 rats
30 creatures vanquished.

Notes
Turn   | Place    | Note
-------+----------+-------------------------------------------
     0 | D:1      | Harunobu the Troll Fighter began the quest for the Orb.
     0 | D:1      | Reached XP level 1. HP: 22/22 MP: 0/0
   248 | D:1      | Reached XP level 2. HP: 28/29 MP: 1/1
  1318 | D:2      | Found a radiant altar of Vehumet.
  1721 | D:2      | Reached XP level 3. HP: 36/36 MP: 2/2
  1936 | D:2      | Found a runed door.
  1940 | D:2      | Noticed Crazy Yiuf
  1946 | D:2      | HP: 1/36 [poisoned by Crazy Yiuf]
  1947 | D:2      | Succumbed to Crazy Yiuf's poison

Skill      XL: |  1  2 |
---------------+-------+-----
Maces & Flails | 2 |  2.1
Fighting       | |  2.7
Dodging        | |  2.8
Shields        | |  2.6

Action                   || total
-------------------------++-------
Melee: Flail             ||   139
  Eat: Chunk             ||    14
       Ration            ||     1
Armor: Robe              ||    52
Dodge: Dodged            ||    55
Block: Shield            ||    61
